 Dungeon Crawl Stone Soup version 0.16-a0-787-g31dbbe7 (console) character file.

57 Kellhus the Ruinous (level 4, 24/24 HPs)
             Began as a Gargoyle Wizard on Sept 27, 2014.
             Quit the game on Level 2 of the Dungeon.
             The game lasted 00:02:42 (1770 turns).

Kellhus the Ruinous (Gargoyle Wizard)               Turns: 1770, Time: 00:02:43

HP  24/24        AC  6     Str 11      XL: 4   Next:  0%
MP   7/9         EV 11     Int 19      God:
Gold 74          SH  0     Dex  8      Spells:  1 memorised,  8 levels left

rFire  . . .     SeeInvis .     (no weapon)
rCold  . . .     Clarity  .     a - +0 robe
rNeg   + . .     rCorr    .     (no shield)
rPois  +         rRot     +     j - +0 helmet
rElec  +         Spirit   .     (no cloak)
SustAb .         Warding  .     (no gloves)
rMut   .         Stasis   .     (no boots)
Gourm  .                        (no amulet)
MR     .....                    (no ring)
                                (no ring)

@: not resistant to hostile enchantments, unstealthy
A: negative energy resistance 1, electricity resistance, unbreathing,
petrification resistance, rot immunity, AC +3
a: no special abilities


You were on level 2 of the Dungeon.
You were not hungry.

You visited 1 branch of the dungeon, and saw 2 of its levels.

You collected 74 gold pieces.

Inventory:

Missiles
 p - 20 poisoned needles
Armour
 a - a +0 robe (worn)
 b - a +0 hat
 j - a +0 helmet (worn)
Magical devices
 n - a wand of slowing (14) {unknown}
Comestibles
 d - 2 bread rations
 g - a meat ration
 i - a beef jerky
 l - 5 fruits
 m - a chunk of goblin flesh
Scrolls
 f - 2 scrolls of fog {unknown}
 h - a scroll of amnesia {unknown}
 k - a scroll of immolation {unknown}
 q - a scroll of random uselessness {unknown}
Potions
 e - a potion of invisibility {unknown}
 o - a potion of restore abilities {unknown}
 r - a potion of cancellation {unknown}
Books
 c - a book of Minor Magic

   Spells                             Type                      Level
   *Magic Dart                        Conjuration                  1
   Blink                              Translocation                2
   Call Imp                           Summoning                    2
   Repel Missiles                     Charms/Air                   2
   Slow                               Hexes                        2
   Conjure Flame                      Conjuration/Fire             3
   Mephitic Cloud                     Conjuration/Poison/Air       3


   Skills:
 - Level 1.5 Dodging
 - Level 2.1 Stealth
 - Level 3.0 Spellcasting
 + Level 4.1 Conjurations
   Level 0.8 Summonings
   Level 0.8 Translocations


You had 8 spell levels left.
You knew the following spells:

 Your Spells              Type           Power        Failure   Level  Hunger
a - Magic Dart            Conj           ###.         3%          1    None


Dungeon Overview and Level Annotations

Branches:
Dungeon (2/15)

Altars:


Innate Abilities, Weirdness & Mutations

You are resistant to torment.
You are immune to poison.
Your stone body is very resilient (AC +3).
You resist negative energy.
You are resistant to electric shocks.
You can survive without breathing.
You are immune to petrification.
You are immune to rotting.


Message History

You start resting.
Your magical contamination has completely faded away.
r - a smoky red potion You start resting.
Magic restored.
Found 4 tomahawks.
A giant newt comes into view.
Casting: Magic Dart
Confirm with . or Enter, or press ? or * to list all spells.
Aiming: Magic Dart
Press: ? - help, Shift-Dir - straight line, f - giant newt
Aim: a giant newt The magic dart hits the giant newt.
You kill the giant newt!
You have reached level 4!
You feel stronger.
Casting: Magic Dart
Confirm with . or Enter, or press ? or * to list all spells.
You can't see any susceptible monsters within range! (Use Z to cast anyway.) Unknown command.
Are you sure you want to abandon this character and quit the game? (Confirm with "yes".)

..# #..# # #.(# #. #..#
#..# #.####..### ##..#
#.##..........
...###.##...##..#.. #...
.............. #..#
#..###.##..### #.(# #..#
#.##..### #.@# #..#
#.##..##. #######..#
#..###.##..#..
...(.%...###............#
########......###.#####..
######## #........
#########


There were no monsters in sight!

Vanquished Creatures
  A worm (D:2)
  A giant gecko (D:1)
  6 bats
  3 giant cockroaches
  9 goblins
  5 hobgoblins
  2 jackals (D:1)
  8 giant newts
  8 kobolds (D:1)
  A quokka (D:2)
  4 rats (D:1)
48 creatures vanquished.

Notes
Turn   | Place    | Note
--------------------------------------------------------------
     0 | D:1      | Kellhus, the Gargoyle Wizard, began the quest for the Orb.
     0 | D:1      | Reached XP level 1. HP: 10/10 MP: 4/4
   293 | D:1      | Reached XP level 2. HP: 15/15 MP: 3/6
   719 | D:1      | Reached XP level 3. HP: 19/19 MP: 4/7
  1636 | D:2      | Reached skill level 4 in Conjurations
  1769 | D:2      | Reached XP level 4. HP: 24/24 MP: 7/9
  1770 | D:2      | Quit the game

Action                   |  1- 3 |  4- 6 || total
-------------------------+-------+-------++-------
Melee: Unarmed           |    27 |       ||    27
 Cast: Magic Dart        |    99 |     1 ||   100
  Eat: Chunk             |     2 |       ||     2
